 Dungeon Crawl Stone Soup version 0.28.0-53-g5a82cb258f (webtiles) character file.

Game seed: 15702189706184633772

63 Jerry the Chucker (level 3, 0/35 HPs)
             Began as a Troll Hunter on July 1, 2022.
             Slain by a quokka (4 damage)
             ... on level 2 of the Dungeon.
             The game lasted 00:05:26 (1544 turns).

Jerry the Chucker (Troll Hunter)                    Turns: 1544, Time: 00:05:26

Health: 0/35       AC:  4    Str: 20    XL:     3   Next: 89%
Magic:  2/2        EV: 10    Int:  7    God:
Gold:   76         SH:  0    Dex: 12    Spells: 2/2 levels left

rFire   . . .      SeeInvis .   f - +0 club (venom)
rCold   . . .      Faith    .   (no shield)
rNeg    + . .      Spirit   .   b - +0 robe
rPois   .          Reflect  .   (helmet restricted)
rElec   .          Harm     .   (no cloak)
rCorr   .          Rampage  .   (gloves unavailable)
Will    .....                   (boots unavailable)
Stlth   +.........              (no amulet)
HPRegen 0.91/turn               j - ring of positive energy
MPRegen 0.08/turn               (no ring)

@: lethally poisoned (0 -> -2)
A: large, unfitting armour, claws 3, regeneration 1, shaggy fur 1, tough skin 1,
deterioration 1
a: no special abilities


You were on level 2 of the Dungeon.
You visited 1 branch of the dungeon, and saw 2 of its levels.

You collected 76 gold pieces.

Inventory:

Hand Weapons
 f - a +0 club of venom (weapon)
Missiles
 c - 5 large rocks (quivered)
 d - 2 throwing nets
 e - 3 poisoned darts
Armour
 b - a +0 robe (worn)
Jewellery
 j - a ring of positive energy (left claw)
Scrolls
 a - a scroll of identify


   Skills:
 - Level 1.6 Fighting
 + Level 1.6 Maces & Flails
 + Level 4.1 Throwing
 + Level 2.3 Dodging
 - Level 0.3 Stealth


You had 2 spell levels left.
You didn't know any spells.
Your spell library contained the following spells:

 Spells                   Type           Power      Damage    Failure   Level
 Shock                    Conj/Air       0%         1d3       43%         1
 Swiftness                Air            0%         N/A       80%         3
 Airstrike                Air            0%         N/A       99%         4


Dungeon Overview and Level Annotations

Branches:
Dungeon (2/15)

Altars:
Ashenzari


Innate Abilities, Weirdness & Mutations

You are too large for most types of armour.
You have claws for hands.
Your natural rate of healing is unusually fast.
You are covered in fur. (AC +1)
You have tough skin. (AC +1)
Your body sometimes deteriorates upon taking damage.


Message History

You feel very sick. The adder bites you but does no damage.
The quokka bites you but does no damage.
An endoplasm comes into view.
The ball python bites you. The adder barely misses you.
It was a potion of mutation.
You feel extremely strange.
You feel yourself wasting away.
You feel sick. The quokka bites you. The ball python bites you.
The adder bites you but does no damage.
As you read the scroll labelled DAP PEAGHINY, it crumbles to dust.
It is a scroll of identify.
h - a scroll of immolation You feel sick.
The quokka bites you.
* * * LOW HITPOINT WARNING * * *
The ball python closely misses you. The adder bites you.
* * * LOW HITPOINT WARNING * * *
The quokka barely misses you.
As you read the scroll labelled DAFAEM URPH, it crumbles to dust.
It is a scroll of brand weapon.
Your +0 club drips with poison.
f - a +0 club of venom (weapon)
You feel sick. The adder closely misses you.
The ball python bites you but does no damage.
The quokka bites you.
* * * LOW HITPOINT WARNING * * *
The adder misses you. The ball python bites you.
* * * LOW HITPOINT WARNING * * *
Really read the scroll of immolation?
As you read the scroll of immolation, it crumbles to dust.
The creatures around you are filled with an inner flame!
You feel sick.
The frilled lizard unfolds its giant frill.
The quokka barely misses you. The adder barely misses you.
The ball python completely misses you.
You hit the adder.
Flame seeps out of the adder.
The adder is poisoned.
The adder is heavily wounded.
You feel sick.
Flame seeps out of the adder.
An adder comes into view.
The quokka bites you.
You die...

#...##......# #....# #
#...#####..########....###
#...######.# #............
#######.......######.######..#(.
#........<#####†#†#...# #..<.#
#........)....##.#..#..# #.....
#....._...#####.#..###..# #.....
#.........## ##r.## #..##..##.
#..........####@S## #..####..
#.....####....#S## #.###..#
#....## ##.÷.#lJ .#...##
##....#####..#.##.. #####
...>........##.# #.J ###
.##........#...# #.S #.###
.#.♣.♣.♣♣....#.# #.. #...#
.#.♣♣♣♣♣♣.♣♣...# ###### ###.#
..♣...♣ ♣♣♣♣...# #.# #.#


You could see 2 adders, 2 endoplasms, a quokka (inner flame), a ball python
(inner flame) and a frilled lizard (inner flame).

Vanquished Creatures
  2 adders (D:2)
  A worm (D:2)
  2 dart slugs
  2 endoplasms (D:2)
  A giant cockroach (D:1)
  2 goblins
  7 hobgoblins
  4 kobolds
  A quokka (D:2)
  2 ball pythons
  9 bats
  2 frilled lizards (D:1)
  2 rats (D:1)
37 creatures vanquished.

Vanquished Creatures (others)
  2 plants (D:2)
2 creatures vanquished.

Grand Total: 39 creatures vanquished

Notes
Turn   | Place    | Note
-------+----------+-------------------------------------------
     0 | D:1      | Jerry the Troll Hunter began the quest for the Orb.
     0 | D:1      | Reached XP level 1. HP: 19/19 MP: 0/0
   253 | D:1      | Reached XP level 2. HP: 28/28 MP: 1/1
   915 | D:2      | Reached skill level 1 in Maces & Flails
  1053 | D:2      | Reached XP level 3. HP: 32/35 MP: 2/2
  1142 | D:2      | Found a broken altar of Ashenzari.
  1154 | D:2      | Reached skill level 4 in Throwing
  1353 | D:2      | Found a faded altar of an unknown god.
  1540 | D:2      | Gained mutation: Your body sometimes deteriorates upon
                  | taking damage. [potion of mutation]
  1544 | D:2      | Slain by a quokka

Illustrated notes

Levels and vault maps discovered:
D:1:      minmay_arrival_wavy_path, layout_basic,
          chequers_serial_rivers_micro_c, columned_hall_lemuel, chequers_jeans,
          grunt_decor_cap, chequers_serial_rivers_marsh
D:2:      minmay_diamond_boxcup, layout_rooms, basic_altar,
          chequers_ecumenical_altar_grove, serial_bayou_lagoon_a, minivault_26

Skill      XL: |  1  2  3 |
---------------+----------+-----
Dodging        | 2 |  2.3
Maces & Flails | 1 |  1.6
Throwing       | 4 |  4.1
Fighting       | |  1.6
Stealth        | |  0.3

Action                   || total
-------------------------++-------
Melee: Club              ||   205
       Short sword       ||    15
       Punch             ||     2
  Use: Scroll            ||     3
       Potion            ||     1
 Stab: Sleeping          ||     2
Armor: Robe              ||   122
Dodge: Dodged            ||   148
